 Dungeon Crawl Stone Soup version 0.30-a0-219-gf2db51d15e (webtiles) character file.

Game seed: 14691280586169215982

14177 KennySheep the Jinx (level 11, -7/61 HPs)
             Began as a Deep Elf Hexslinger on Oct 7, 2022.
             Was a Priest of the Shining One.
             Mangled by a slime creature (11 damage)
             ... on level 12 of the Dungeon.
             The game lasted 01:00:07 (12471 turns).

KennySheep the Jinx (Deep Elf Hexslinger)          Turns: 12471, Time: 01:00:07

Health: -7/61      AC: 10    Str: 11    XL:     11   Next: 85%
Magic:  21/26      EV: 15    Int: 24    God:    the Shining One [***...]
Gold:   635        SH:  5    Dex: 18    Spells: 6/29 levels left

rFire   + + .      SeeInvis .    a - +2 shortbow (vorpal)
rCold   + . .      Faith    .    (shield currently unavailable)
rNeg    + . .      Spirit   .    D - +2 steam dragon scales
rPois   .          Reflect  +    (no helmet)
rElec   .          Harm     .    n - +0 cloak
rCorr   +          Rampage  .    d - +0 pair of gloves
Will    +....      Clarity  +    (no boots)
Stlth   +.........               w - amulet of reflection
HPRegen 0.30/turn                i - ring "Hanaunk" {rF+ rCorr Int+3}
MPRegen 0.20/turn                J - ring of Utaegred {Drain rF+ rC+ Int+3 Slay+4}

@: glowing
A: clarity, strong 1
a: Renounce Religion, Divine Shield, Cleansing Flame


You were on level 12 of the Dungeon.
You worshipped the Shining One.
The Shining One was most pleased with you.
You visited 1 branch of the dungeon, and saw 12 of its levels.

You collected 635 gold pieces.

Inventory:

Hand Weapons
 a - a +2 vorpal shortbow (weapon)
Missiles
 F - a throwing net
Armour
 d - a +0 pair of gloves (worn)
 n - a +0 cloak (worn)
 o - +0 acid dragon scales
 D - +2 steam dragon scales (worn)
Jewellery
 i - the ring "Hanaunk" (left hand) {rF+ rCorr Int+3}
   (You found it on level 4 of the Dungeon)

   [ring of resist corrosion]

   Int:       It affects your intelligence (+3).
   rF:        It protects you from fire.
   rCorr:     It protects you from acid and corrosion.
 w - an amulet of reflection (around neck)
 z - a ring of protection from cold
 J - the ring of Utaegred (right hand) {Drain rF+ rC+ Int+3 Slay+4}
   (You found it on level 9 of the Dungeon)

   [ring of slaying]

   Int:       It affects your intelligence (+3).
   Slay:      It affects your accuracy & damage with ranged weapons and melee
   (+4).
   rF:        It protects you from fire.
   rC:        It protects you from cold.
   Drain:     It drains your maximum health when unequipped.
Wands
 c - a wand of polymorph (22)
 k - a wand of iceblast (16)
 E - a wand of charming (5)
 I - a wand of quicksilver (5)
Scrolls
 b - 2 scrolls of poison
 e - 2 scrolls of fog
 f - 3 scrolls of teleportation
 j - a scroll of fear
 p - a scroll of silence
 v - a scroll of brand weapon
 y - 3 scrolls of vulnerability
 A - 3 scrolls of amnesia
 B - 4 scrolls of magic mapping
 H - a scroll of immolation
 K - a scroll of identify
 N - a scroll of summoning
Potions
 g - 2 potions of attraction
 h - a potion of berserk rage
 l - a potion of ambrosia
 q - a potion of magic
 r - 5 potions of mutation
 s - a potion of might
 t - 2 potions of flight
 u - 3 potions of haste
 x - a potion of degeneration
 C - 2 potions of invisibility
 G - 2 potions of curing
 L - 2 potions of brilliance
 M - a potion of cancellation


   Skills:
 + Level 4.2 Fighting
 * Level 9.5 Ranged Weapons
 + Level 3.7 Armour
 + Level 6.3 Dodging
 + Level 9.8 Spellcasting
 + Level 12.4 Hexes
 + Level 9.8 Summonings
 + Level 6.7 Translocations


You had 6 spell levels left.
You knew the following spells:

 Your Spells              Type           Power      Damage    Failure   Level
a - Slow                  Hex            100%       N/A       1%          1
b - Blink                 Tloc           88%        N/A       1%          2
c - Tukima's Dance        Hex            64%        N/A       1%          3
d - Cause Fear            Hex            32%        N/A       1%          4
e - Summon Mana Viper     Hex/Summ       60%        N/A       1%          5
x - Summon Forest         Summ/Tloc      25%        N/A       4%          5
z - Portal Projectile     Hex/Tloc       100%       N/A       1%          3

Your spell library contained the following spells:

 Spells                   Type           Power      Damage    Failure   Level
 Apportation              Tloc           88%        N/A       1%          1
 Gell's Gravitas          Tloc           44%        N/A       1%          3
 Inner Flame              Hex/Fire       41%        N/A       1%          3
 Lesser Beckoning         Tloc           88%        N/A       1%          3
 Teleport Other           Tloc           44%        N/A       1%          3
 Manifold Assault         Tloc           44%        N/A       3%          4
 Vhi's Electric Charge    Tloc/Air       54%        N/A       4%          3
 Sandblast                Erth           22%        2d7       5%          1
 Passwall                 Tmut/Erth      9%         N/A       9%          2
 Summon Cactus Giant      Summ           28%        N/A       14%         6
 Stone Arrow              Conj/Erth      22%        3d8       16%         3
 Olgreb's Toxic Radiance  Pois           11%        N/A       47%         4
 Alistair's Intoxication  Tmut/Pois      7%         N/A       83%         5
 Arcjolt                  Conj/Air       5%         1d15      83%         5
 Blade Hands              Tmut           5%         N/A       83%         5
 Fireball                 Conj/Fire      5%         3d5       83%         5
 Iskenderun's Battlesphe  Conj           11%        2d7       83%         5
 Conjure Ball Lightning   Conj/Air       5%         3x3d6     100%        6
 Orb of Destruction       Conj           5%         9d5       100%        7
 Ozocubu's Refrigeration  Ice            5%         4d8       100%        7
 Storm Form               Tmut/Air       5%         N/A       100%        7
 Ignition                 Fire           5%         3d4       100%        8
 Maxwell's Capacitive Co  Air            5%         ∞         100%        8


Dungeon Overview and Level Annotations

Branches:
Dungeon (12/15)            Temple (0/1) D:7            Lair (0/5) D:9
    Orc (0/2) D:10

Altars:
Ashenzari
Kikubaaqudgha
Nemelex Xobeh
Qazlal
Sif Muna
Xom
Zin
The Shining One

Annotations:
D:7 Pikel
D:10 3 runed translucent doors, Chaicat's ghost, novice MiFi


Innate Abilities, Weirdness & Mutations

You possess an exceptional clarity of mind.
Your muscles are strong. (Str +4, Int/Dex -1)


Message History

Your mana viper disappears in a puff of smoke!
Two slime creatures merge to form a large slime creature.
The slime creature quivers.
Fire: a) +2 shortbow (vorpal)
Press: ? - help, Q - select action, (/) - cycle Shift-Dir - straight line, f/p - large slime creature
Aim: a large slime creature (heavily wounded, haloed, 97% to hit)
You shoot an arrow.
The arrow hits the large slime creature.
The large slime creature is heavily wounded.
Space becomes stable.
Two slime creatures merge to form a very large slime creature.
Fire: a) +2 shortbow (vorpal)
Press: ? - help, Q - select action, (/) - cycle Shift-Dir - straight line, f/p - very large slime creature
Aim: a very large slime creature (moderately wounded, haloed, 97% to hit)
You shoot an arrow.
The arrow hits the very large slime creature!
The very large slime creature is heavily wounded.
The very large slime creature hits you!
The very large slime creature attacks as you move away!
The very large slime creature hits you!!!
Ouch! That really hurt!
* * * LOW HITPOINT WARNING * * *
Okay, then.
Casting: Portal Projectile (safe; 1% risk of failure)
Confirm with . or Enter, or press ? or * to list all spells.
You blink.
The very large slime creature hits you!
* * * LOW HITPOINT WARNING * * *
The very large slime creature attacks as you move away!
The very large slime creature hits you!!!
The Shining One protects you from harm!
There is an open door here.
Casting: Blink (safe; 1% risk of failure)
Confirm with . or Enter, or press ? or * to list all spells.
You blink.
You feel stable enough to blink again.
A very large slime creature splits.
Magic courses through your body.
The large slime creature barely misses you.
The slime creature hits you!
You die...

.... #...# }..
....##...# ....
........##.....
............u..
#..†# ###'###
#.....# #..JJ##
##.@.# #####
........#
........


You could see a large slime creature and a slime creature.

Vanquished Creatures
  A two-headed ogre (D:11)
  2 ugly things (D:12)
  A cyclops (D:11)
  A manticore (D:12)
  A komodo dragon (D:11)
  2 trolls
  Grinder (D:5)
  2 shadows
  6 yaks
  A wraith (D:9)
  A vampire mosquito (D:11)
  A steam dragon (D:6)
  An acid dragon (D:10)
  2 orc warriors
  2 black bears
  A sky beast (D:8)
  3 ogres
  A wolf (D:8)
  5 centaurs
  A lemure (D:7)
  A phantom (D:4)
  2 kobold brigands
  2 bullfrogs (D:4)
  A necrophage (D:7)
  3 scorpions
  2 gnoll sergeants
  7 wights
  A killer bee (D:9)
  A howler monkey (D:11)
  4 hounds
  2 jellies
  An orc priest (D:5)
  A gnoll bouda (D:10)
  4 iguanas
  Natasha (thrice) (D:4)
  6 orc wizards
  9 gnolls
  10 adders
  A white imp (D:6)
  A worm (D:3)
  5 dart slugs
  35 orcs
  11 ball pythons
  6 bats
  13 endoplasms
  2 giant cockroaches
  12 goblins
  5 hobgoblins
  5 jackals
  4 quokkas
  7 frilled lizards
  8 kobolds
  8 rats
219 creatures vanquished.

Vanquished Creatures (collateral kills)
  2 ugly things
  A cyclops (D:11)
  A manticore (D:12)
  Joseph (D:7)
  A gargoyle (D:12)
  Maggie (D:7)
  Psyche (D:8)
  2 trolls
  A slime creature (D:12)
  Sigmund (D:4)
  A shadow (D:9)
  A wraith (D:10)
  5 yaks (D:10)
  Grum (D:8)
  Menkaure (D:7)
  5 vampire mosquitoes
  A black bear (D:7)
  2 ogres (D:10)
  A wolf (D:8)
  4 centaurs
  Blork the orc (D:4)
  3 killer bees (D:9)
  A howler monkey (D:11)
  An orc priest (D:10)
  7 gnolls
  14 orcs
  4 kobolds (D:9)
65 creatures vanquished.

Vanquished Creatures (others)
  5 dancing weapons
  A human (D:5)
  2 fungi (D:1)
  14 plants
22 creatures vanquished.

Grand Total: 306 creatures vanquished

Notes
Turn   | Place    | Note
-------+----------+-------------------------------------------
     0 | D:1      | KennySheep the Deep Elf Hexslinger began the quest for the
                  | Orb.
     0 | D:1      | Reached XP level 1. HP: 11/11 MP: 5/5
   122 | D:1      | Reached skill level 1 in Fighting
   122 | D:1      | Reached XP level 2. HP: 16/16 MP: 3/6
   333 | D:1      | Found a faded altar of an unknown god.
   644 | D:1      | Reached XP level 3. HP: 16/20 MP: 3/7
  1001 | D:1      | Learned a level 3 spell: Tukima's Dance
  1306 | D:2      | Reached XP level 4. HP: 8/25 MP: 8/8
  1380 | D:2      | Learned a level 2 spell: Blink
  1745 | D:2      | Reached skill level 1 in Armour
  2045 | D:3      | Reached skill level 5 in Hexes
  2104 | D:3      | Reached skill level 1 in Translocations
  2104 | D:3      | Reached XP level 5. HP: 18/29 MP: 10/10
  2179 | D:3      | Found a shimmering altar of Xom.
  2633 | D:3      | Gained mutation: You possess an exceptional clarity of
                  | mind. [potion of mutation]
  2633 | D:3      | Gained mutation: Your muscles are strong. (Str +4, Int/Dex
                  | -1) [potion of mutation]
  3022 | D:4      | Reached XP level 6. HP: 32/35 MP: 10/12
  3069 | D:4      | Noticed Blork the orc
  3088 | D:4      | Killed Blork the orc
  3240 | D:4      | Reached skill level 5 in Ranged Weapons
  3275 | D:4      | Noticed Natasha
  3283 | D:4      | Killed Natasha
  3326 | D:4      | Found a large runed translucent door.
  3326 | D:4      | Found a large runed translucent door.
  3360 | D:4      | Learned a level 4 spell: Cause Fear
  3380 | D:4      | Noticed Natasha
  3390 | D:4      | Killed Natasha
  3399 | D:4      | Reached skill level 6 in Hexes
  3399 | D:4      | Reached XP level 7. HP: 14/40 MP: 13/13
  3531 | D:4      | Found a large runed translucent door.
  3531 | D:4      | Found a large runed translucent door.
  3545 | D:4      | Noticed Sigmund
  3703 | D:4      | Identified the ring "Hanaunk" {rF+ rCorr Int+3}
  3737 | D:4      | Killed Sigmund
  4597 | D:5      | Entered Level 5 of the Dungeon
  4620 | D:5      | Reached XP level 8. HP: 45/45 MP: 11/15
  4666 | D:5      | Reached skill level 7 in Hexes
  4814 | D:4      | Noticed Natasha
  4829 | D:4      | Killed Natasha
  5093 | D:4      | Learned a level 5 spell: Summon Mana Viper
  5345 | D:5      | Reached skill level 1 in Summonings
  5425 | D:5      | Found a broken altar of Ashenzari.
  5505 | D:5      | Noticed Grinder
  5555 | D:5      | Paralysed by Grinder for 3 turns
  5578 | D:5      | Killed Grinder
  5609 | D:5      | Found a glowing silver altar of Zin.
  5609 | D:5      | Noticed an angel
  5619 | D:5      | Found an ancient bone altar of Kikubaaqudgha.
  5773 | D:5      | Found a stormy altar of Qazlal.
  5777 | D:5      | Found a shimmering blue altar of Sif Muna.
  5781 | D:5      | Found a glowing golden altar of the Shining One.
  5785 | D:5      | Became a worshipper of the Shining One
  6063 | D:5      | Reached skill level 5 in Dodging
  6066 | D:5      | Reached skill level 8 in Hexes
  6422 | D:6      | Reached skill level 5 in Spellcasting
  6563 | D:6      | Reached XP level 9. HP: 49/51 MP: 18/18
  7270 | D:7      | Noticed Maggie
  7279 | D:7      | Killed Maggie
  7346 | D:7      | Noticed Joseph
  7360 | D:7      | Killed Joseph
  7361 | D:7      | Reached skill level 9 in Hexes
  7366 | D:7      | Reached skill level 5 in Summonings
  7384 | D:7      | Noticed Menkaure
  7384 | D:7      | Reached * piety under the Shining One
  7393 | D:7      | Killed Menkaure
  7528 | D:7      | Learned a level 5 spell: Summon Forest
  7676 | D:7      | Found a staircase to the Ecumenical Temple.
  7676 | D:7      | Noticed Pikel
  7836 | D:7      | Reached skill level 10 in Hexes
  8369 | D:8      | Noticed Grum
  8381 | D:8      | Killed Grum
  8434 | D:8      | Noticed Psyche
  8444 | D:8      | Killed Psyche
  8445 | D:8      | Reached XP level 10. HP: 48/56 MP: 17/22
  8959 | D:9      | Reached skill level 11 in Hexes
  9083 | D:9      | Identified the ring of Utaegred {Drain rF+ rC+ Int+3
                  | Slay+4}
  9370 | D:9      | Found a staircase to the Lair.
  9577 | D:9      | Learned a level 3 spell: Portal Projectile
  9709 | D:9      | Found a sparkling altar of Nemelex Xobeh.
 10022 | D:10     | Entered Level 10 of the Dungeon
 10032 | D:10     | Reached ** piety under the Shining One
 10149 | D:10     | Found a staircase to the Orcish Mines.
 10427 | D:10     | Found a runed translucent gate.
 10427 | D:10     | Found a runed translucent gate.
 10427 | D:10     | Found a runed translucent gate.
 10428 | D:10     | Noticed a spectral centaur warrior
 10428 | D:10     | Noticed a spectral centaur warrior
 10428 | D:10     | Noticed Chaicat's ghost (novice MiFi)
 10428 | D:10     | Noticed a spectral centaur warrior
 10520 | D:10     | Reached XP level 11. HP: 60/60 MP: 25/25
 11032 | D:11     | Noticed a two-headed ogre
 11042 | D:11     | Killed a two-headed ogre
 11100 | D:11     | You fall into a shaft and drop 1 floor!
 11144 | D:11     | Reached skill level 5 in Translocations
 11452 | D:11     | Reached *** piety under the Shining One
 11454 | D:11     | Reached skill level 12 in Hexes
 11675 | D:11     | Noticed a brown ugly thing
 11684 | D:11     | Killed a brown ugly thing
 12151 | D:12     | Noticed a red ugly thing
 12160 | D:12     | Killed a red ugly thing
 12206 | D:12     | Noticed a two-headed ogre
 12220 | D:12     | Noticed a sixfirhy
 12223 | D:12     | The Shining One protects you from harm!
 12224 | D:12     | HP: 2/60 [two-headed ogre/+0 giant club (6)]
 12309 | D:12     | HP: 1/60 [manticore/volley of spikes (16)]
 12440 | D:12     | Noticed a purple ugly thing
 12452 | D:12     | Killed a purple ugly thing
 12455 | D:12     | Noticed a brown ugly thing
 12458 | D:12     | Killed a brown ugly thing
 12466 | D:12     | HP: 3/61 [very large slime creature (12)]
 12467 | D:12     | The Shining One protects you from harm!
 12471 | D:12     | Mangled by a slime creature

Illustrated notes

Levels and vault maps discovered:
D:1:      dpeg_arrival_chambers_temple_mockup, layout_loops_ring,
          shapermc_ecumenical_altar_mp_ritualfount
D:2:      layout_basic, nicolae_elevator_lobby_asterisk
D:3:      layout_loops_cross, lemuel_crystal_altar
D:4:      layout_gridville, eino_small_chamber_without_monster, st_stairs_3,
          minmay_hollow_rounded_squares, uniq_sigmund, uniq_natasha,
          uniq_blork_the_orc
D:5:      layout_cave_pools, tgw_kikubaaqudgha, zin_angel, ashenzari_altar_1,
          grunt_temple_overflow_diamond, uniq_grinder
D:6:      layout_cave_pods
D:7:      layout_rooms, temple_statues, nicolae_titane, uniq_joseph,
          uniq_menkaure, uniq_maggie, uniq_pikel
D:8:      layout_basic, dreamdust_mushroom_princess, nrook_pool_corridor,
          nicolae_grassy_gnolls, uniq_psyche, uniq_grum
D:9:      layout_small_grid, nicolae_overflow_crystal_walls, lair_entry_dummy
D:10:     layout_roguey [special_room_orc], orc_0_dummy,
          gammafunk_ghost_necromancy
D:11:     layout_roguey
D:12:     layout_gridville, minivault_26

Skill      XL: |  1  2  3  4  5  6  7  8  9 10 11 |
---------------+----------------------------------+-----
Fighting       | 1 2 3 4 |  4.2
Ranged Weapons | 3 4 5 6 7 8 9 |  9.5
Armour         | 1 2 3 |  3.7
Dodging        | 3 4 5 6 |  6.3
Spellcasting   | 2 3 5 7 8 9 |  9.8
Hexes          | 5 6 8 10 11 12 | 12.4
Translocations | 1 2 4 6 |  6.7
Summonings     | 3 6 8 9 |  9.8

Action                   |  1- 3 |  4- 6 |  7- 9 | 10-12 || total
-------------------------+-------+-------+-------+-------++-------
 Fire: Sling             |   140 |   252 |   186 |       ||   578
       Shortbow          |       |       |   280 |   248 ||   528
 Cast: Slow              |    43 |    22 |    49 |    27 ||   141
       Tukima's Dance    |       |     2 |    27 |    18 ||    47
       Blink             |       |     2 |     7 |     6 ||    15
       Cause Fear        |       |       |     5 |     2 ||     7
       Summon Mana Viper |       |       |     6 |    14 ||    20
       Portal Projectile |       |       |       |    13 ||    13
       Summon Forest     |       |       |       |     5 ||     5
  Use: Potion            |       |     3 |     6 |     5 ||    14
       Scroll            |       |     2 |     6 |    16 ||    24
Armor: Robe              |    23 |    31 |    15 |       ||    69
       Steam dragon scal |       |       |    15 |    22 ||    37
       Acid dragon scale |       |       |       |     5 ||     5
Dodge: Dodged            |    79 |    90 |   140 |    80 ||   389
Block: Other             |       |    10 |    38 |    27 ||    75
       Reflection        |       |       |     3 |     4 ||     7

Table legend: (Time is in decaauts)
 A = Elapsed time spent in this place.
 B = Non-inter-level travel time spent in this place.
 C = Inter-level travel time spent in this place.
 D = Time resting spent in this place.
 E = Time spent auto-exploring this place.
 F = Levels seen in this place.
 G = Mean time per level.
                   A        B        C        D        E       F      G
               +--------+--------+--------+--------+--------+-----+--------+
         Total |  12610 |  12022 |    588 |   2426 |   6909 |  12 | 1050.8 |
       Dungeon |  12610 |  12022 |    588 |   2426 |   6909 |  12 | 1050.8 |
               +--------+--------+--------+--------+--------+-----+--------+

Top non-repeatable levels by time:
     D:4: 2329 daAuts
     D:6: 1157 daAuts
     D:5: 1140 daAuts
     D:1: 1096 daAuts
     D:9: 1086 daAuts
    D:11: 1032 daAuts
     D:8: 964 daAuts
    D:10: 958 daAuts
     D:2: 892 daAuts
     D:3: 832 daAuts
     D:7: 648 daAuts
    D:12: 470 daAuts
